 Dungeon Crawl Stone Soup version 0.19.4 (webtiles) character file.

3283 loralnil the Unseen (level 9, -5/45 HPs)
             Began as a Spriggan Assassin on Feb 2, 2017.
             Was a Believer of Dithmenos.
             Slain by Grum
             ... wielding a +1 halberd
              (29 damage)
             ... on level 8 of the Dungeon.
             The game lasted 00:19:17 (6551 turns).

loralnil the Unseen (Spriggan Assassin)             Turns: 6551, Time: 00:19:18

Health: -5/45      AC:  5    Str:  7    XL:     9   Next: 69%
Magic:  9/10       EV: 25    Int: 13    God:    Dithmenos [**....]
Gold:   260        SH:  0    Dex: 20    Spells: 1 memorised, 7 levels left

rFire  . . .     SeeInvis +     j - +3 dagger (elec)
rCold  . . .     Gourm    .     c - +0 robe
rNeg   . . .     Faith    .     (shield restricted)
rPois  .         Spirit   .     (helmet restricted)
rElec  .         Reflect  .     d - +2 cloak
rCorr  .         Harm     .     (gloves unavailable)
MR     +....                    (boots unavailable)
Stlth  ++++++++..               p - amulet of rage
                                m - ring of flight
                                u - +2 ring of evasion

@: infused, wreathed by umbra, very quick
A: unfitting armour, see invisible, herbivore 3, speed 3, slow metabolism 2
a: Shadow Step, Renounce Religion, Evoke Berserk Rage, Evoke Flight


You were on level 8 of the Dungeon.
You worshipped Dithmenos.
Dithmenos was pleased with you.
You were not hungry.

You visited 2 branches of the dungeon, and saw 9 of its levels.

You collected 506 gold pieces.
You spent 246 gold pieces at shops.

Inventory:

Hand Weapons
 a - a +2 dagger
 b - a +0 blowgun
 j - a +3 dagger of electrocution (weapon)
 k - a +0 dagger of draining
 r - a +1 dagger of speed
Missiles
 e - 50 poisoned needles
 f - 4 curare-tipped needles
Armour
 c - a +0 robe (worn)
 d - a +2 cloak (worn)
Jewellery
 m - a ring of flight (right hand)
 p - an amulet of rage (around neck)
 u - a +2 ring of evasion (left hand)
 z - an uncursed ring of protection from fire
Wands
 x - a wand of lightning (9/15)
 A - a wand of lightning (3/15)
 F - a wand of iceblast (8/15)
Scrolls
 h - 6 scrolls of teleportation
 s - 13 scrolls of remove curse
 t - a scroll of torment {unknown}
 w - a scroll of magic mapping
 E - a scroll of recharging {unknown}
Potions
 l - a potion of flight
 n - 2 potions of curing
 o - 2 potions of invisibility
 v - 3 potions of ambrosia
 B - 3 potions of heal wounds
 C - a potion of agility
 D - a potion of might
Books
 y - a book of Battle

   Spells                             Type                      Level
   a - Infusion                       Charms                       1
   b - Shroud of Golubria             Charms/Translocation         2
   c - Song of Slaying                Charms                       2
   d - Spectral Weapon                Hexes/Charms                 3
   e - Regeneration                   Charms/Necromancy            3
Comestibles
 g - 6 bread rations
 i - 2 slices of pizza
 q - 3 fruits


   Skills:
 + Level 3.7 Fighting
 + Level 7.9 Short Blades
 + Level 2.0 Throwing
 + Level 6.7 Dodging
 + Level 15.5 Stealth
 + Level 0.4 Charms


You had 7 spell levels left.
You knew the following spells:

 Your Spells              Type           Power        Failure   Level  Hunger
a - Infusion              Chrm           #...         30%         1    ##.....


Dungeon Overview and Level Annotations

Branches:
Dungeon (8/15)             Temple (1/1) D:4
   Lair: D:8-11

Altars:
Ashenzari
Cheibriados
Dithmenos
Elyvilon
Fedhas
Gozag
Hepliaklqana
Kikubaaqudgha
Makhleb
Nemelex Xobeh
Qazlal
Ru
Sif Muna
Trog
Uskayaw
Vehumet
Xom
Yredelemnul
Zin
The Shining One

Shops:
D:6 !

Annotations:
D:8 Grum


Innate Abilities, Weirdness & Mutations

You are very small and have problems with some larger weapons.
You are too small for most types of armour.
You have supernaturally acute eyesight. (SInv)
You are a herbivore.
You cover ground extremely quickly.
You need consume almost no food.


Message History

You hit the wolf.
There is a sudden explosion of sparks!
The wolf is severely wounded.
The wolf completely misses you.
You closely miss the wolf.
The wolf is severely wounded.
The wolf misses you.
You completely miss the wolf.
The wolf is severely wounded.
The wolf bites you but does no damage.
Casting: Infusion
Confirm with . or Enter, or press ? or * to list all spells.
You begin infusing your attacks with magical energy.
Grum hits you from afar with an enchanted halberd!
The wolf bites you but does no damage.
You hit the wolf but do no damage.
The wolf is severely wounded.
The wolf bites you!
Grum hits you from afar with an enchanted halberd!!
Ouch! That really hurt!
You die...

#.#...#.### #...
#.## #.# #!#. .#
#.# # #... #.# ..
#..8 #)# ... #...
#.# .... #.## #.#
....# #.
#.###.###gZ.... ..
#.[....@hh.....
###
P.....#...........


PP... #.......#... PP.. #........... .P. ##..###.### .P #..# .# . #..# # #..#
You could see Grum, 2 wolves and a bullfrog zombie.

Vanquished Creatures
  A hill giant (D:6)
  Menkaure (D:5)
  A water moccasin (D:8)
  A black bear (D:6)
  An orc warrior (D:7)
  3 sky beasts (D:7)
  A necrophage (D:7)
  2 phantoms (D:5)
  3 ogres
  A centaur (D:7)
  2 bullfrogs
  A big kobold (D:8)
  4 scorpions
  A wyvern skeleton (D:6)
  A water moccasin skeleton (D:6)
  5 wights
  4 crimson imps
  An orc priest (D:3)
  Crazy Yiuf (D:6)
  2 jellies
  5 orc wizards
  A bullfrog skeleton (D:4)
  5 worker ants
  A hound zombie (D:8)
  A hound skeleton (D:5)
  A mummy (D:7)
  11 adders
  3 gnolls (D:4)
  3 shadow imps
  An ooze (D:5)
  A worm (D:3)
  An adder skeleton (D:4)
  An adder zombie (D:7)
  A dart slug (D:1)
  2 leopard geckos
  15 orcs
  A bat zombie (D:2)
  3 giant cockroaches
  5 goblins
  6 hobgoblins
  2 jackals (D:4)
  15 kobolds
  8 quokkas
  2 ball pythons
  3 bats
  7 frilled lizards
  A quokka skeleton (D:5)
  7 rats
  3 rat zombies (D:2)
153 creatures vanquished.

Vanquished Creatures (others)
  3 fungi (D:8)
3 creatures vanquished.

Grand Total: 156 creatures vanquished

Notes
Turn   | Place    | Note
-------+----------+-------------------------------------------
     0 | D:1      | loralnil the Spriggan Assassin began the quest for the Orb.
     0 | D:1      | Reached XP level 1. HP: 10/10 MP: 2/2
    42 | D:1      | Reached skill level 6 in Stealth
   145 | D:1      | Reached XP level 2. HP: 14/14 MP: 3/3
   374 | D:1      | Reached skill level 7 in Stealth
   556 | D:2      | Reached XP level 3. HP: 9/18 MP: 4/4
  1039 | D:2      | Found a shimmering altar of Xom.
  1044 | D:2      | Reached XP level 4. HP: 23/23 MP: 5/5
  1098 | D:2      | Found a white marble altar of Elyvilon.
  1105 | D:2      | Reached skill level 8 in Stealth
  1317 | D:2      | Found a faded altar of an unknown god.
  1317 | D:2      | Found a faded altar of an unknown god.
  1322 | D:2      | Found a faded altar of an unknown god.
  1324 | D:2      | Found a blossoming altar of Fedhas.
  1325 | D:2      | Found a faded altar of an unknown god.
  1418 | D:2      | Found an ancient bone altar of Kikubaaqudgha.
  1649 | D:3      | Found a basalt altar of Yredelemnul.
  1665 | D:3      | Reached XP level 5. HP: 25/26 MP: 6/6
  1674 | D:3      | Reached skill level 9 in Stealth
  1892 | D:3      | Found an opulent altar of Gozag.
  2006 | D:3      | Found a stormy altar of Qazlal.
  2404 | D:4      | Reached XP level 6. HP: 30/30 MP: 7/7
  2711 | D:4      | Reached skill level 10 in Stealth
  2824 | D:4      | Found a staircase to the Ecumenical Temple.
  2842 | Temple   | Entered the Ecumenical Temple
  2884 | Temple   | Became a worshipper of Dithmenos the Shadowed
  3300 | D:5      | Entered Level 5 of the Dungeon
  3404 | D:5      | Reached XP level 7. HP: 5/35 MP: 8/8
  3621 | D:5      | Noticed Menkaure
  3681 | D:5      | Reached skill level 5 in Short Blades
  3697 | D:5      | Killed Menkaure
  3697 | D:5      | Reached skill level 11 in Stealth
  4115 | D:6      | Reached XP level 8. HP: 39/39 MP: 9/9
  4121 | D:6      | Found a glowing golden altar of the Shining One.
  4139 | D:6      | Reached skill level 12 in Stealth
  4140 | D:6      | Noticed a hill giant
  4144 | D:6      | Killed a hill giant
  4144 | D:6      | Reached skill level 5 in Dodging
  4144 | D:6      | Reached skill level 13 in Stealth
  4338 | D:6      | Found a radiant altar of Vehumet.
  4440 | D:6      | Found Wuabben's Distillery.
  4443 | D:6      | Bought 2 potions of heal wounds for 120 gold pieces
  4443 | D:6      | Bought a potion of agility for 48 gold pieces
  4443 | D:6      | Bought a potion of might for 48 gold pieces
  4443 | D:6      | Bought a potion of mutation for 30 gold pieces
  4444 | D:6      | Gained mutation: You have a pair of small horns on your head. [potion of mutation]
  4444 | D:6      | Gained mutation: You occasionally shout uncontrollably at your foes. [potion of mutation]
  4445 | D:6      | Lost mutation: You occasionally shout uncontrollably at your foes. [potion of cure mutation]
  4445 | D:6      | Lost mutation: You have a pair of small horns on your head. [potion of cure mutation]
  4588 | D:6      | Found a runed door.
  4592 | D:6      | Noticed Crazy Yiuf
  4600 | D:6      | Killed Crazy Yiuf
  4640 | D:6      | Reached * piety under Dithmenos
  4807 | D:6      | Found a snail-covered altar of Cheibriados.
  5064 | D:7      | Reached skill level 14 in Stealth
  5064 | D:7      | Reached XP level 9. HP: 44/44 MP: 10/10
  5889 | D:7      | Found a deep blue altar of Sif Muna.
  6088 | D:7      | Reached skill level 15 in Stealth
  6447 | D:8      | Reached ** piety under Dithmenos
  6523 | D:8      | Learned a level 1 spell: Infusion
  6547 | D:8      | Noticed Grum
  6551 | D:8      | Slain by Grum

Skill      XL: |  1  2  3  4  5  6  7  8  9 |
---------------+----------------------------+-----
Stealth        | 6 7 8 9 10 11 14 15 | 15.5
Dodging        | 2 3 4 5 6 |  6.7
Short Blades   | 3 4 5 6 7 |  7.9
Fighting       | 2 3 |  3.7
Throwing       | |  2.0
Charms         | |  0.4

Action                   |  1- 3 |  4- 6 |  7- 9 || total
-------------------------+-------+-------+-------++-------
Melee: Dagger            |   144 |   145 |   253 ||   542
 Cast: Infusion          |       |       |     2 ||     2
  Use: Scroll            |     6 |     6 |     6 ||    18
       Potion            |       |     2 |     3 ||     5
 Stab: Sleeping          |    17 |    23 |    26 ||    66
       Distracted        |       |       |     2 ||     2
  Eat: Royal jelly       |       |       |     2 ||     2
       Fruit             |       |       |     1 ||     1
Armor: Robe              |    24 |    11 |     6 ||    41
Dodge: Dodged            |    74 |    80 |   122 ||   276
